 Dungeon Crawl Stone Soup version 0.13-a0-1536-gedae9ec (webtiles) character file.

248 Kae the Chiller (level 5, -12/28 HPs)
             Began as a Deep Elf Ice Elementalist on June 9, 2013.
             Was an Initiate of Sif Muna.
             Killed from afar by Kae's ghost (13 damage)
             ... with a puff of frost
             ... on Level 3 of the Dungeon.
             The game lasted 00:04:33 (2485 turns).

Kae the Chiller (Deep Elf Ice Elementalist)         Turns: 2485, Time: 00:04:33

HP -12/28        AC  3     Str 11      XL: 5   Next:  1%
MP  17/17        EV 13     Int 20      God: Sif Muna [......]
Gold 109         SH  0     Dex 15      Spells:  3 memorised,  6 levels left

Res.Fire  : . . .   See Invis. : .   (no weapon)
Res.Cold  : . . .   Warding    : .   a - +0 elf robe
Life Prot.: . . .   Conserve   : .   (no shield)
Res.Poison: .       Res.Corr.  : .   (no helmet)
Res.Elec. : .       Clarity    : .   (no cloak)
Sust.Abil.: . .     Spirit.Shd : .   (no gloves)
Res.Mut.  : .       Stasis     : .   o - +0 pair of boots
Res.Rott. : .       Flight     : .   (no amulet)
Saprovore : . . .                    (no ring)
                                     (no ring)

@: mighty, slightly resistant to hostile enchantments, fairly stealthy
A: no striking features
a: Renounce Religion


You were on level 3 of the Dungeon.
You worshipped Sif Muna.
Sif Muna was pleased with you.
You were not hungry.

You visited 1 branch of the dungeon, and saw 3 of its levels.

You collected 89 gold pieces.

Inventory:

Armour
 a - a +0 elven robe (worn)
 o - a +0 pair of boots (worn)
Magical devices
 t - a wand of slowing (9) {unknown}
Comestibles
 c - a bread ration
 f - 3 meat rations
 j - an apple
 u - a rotting chunk of giant gecko flesh
Scrolls
 g - 3 scrolls of amnesia {unknown}
 i - a scroll of enchant weapon II {unknown}
 k - 3 scrolls of teleportation {unknown}
 n - a scroll of remove curse {unknown}
 q - 3 scrolls of identify {unknown}
 v - a scroll of fog {unknown}
Jewellery
 d - an uncursed ring of ice {unknown}
 w - an uncursed amulet of rage {unknown}
Potions
 e - a potion of mutation {unknown}
 h - a potion of might
 l - 2 potions of confusion {unknown}
 m - a potion of beneficial mutation {unknown}
 p - a potion of invisibility {unknown}
 s - a potion of heal wounds {unknown}
Books
 b - a book of Frost

   Spells                             Type                      Level
   *Freeze                            Ice                          1
   *Throw Frost                       Conjuration/Ice              2
   *Ozocubu's Armour                  Charms/Ice                   3
   Throw Icicle                       Conjuration/Ice              4
   Summon Ice Beast                   Ice/Summoning                4
   Condensation Shield                Ice                          4


   Skills:
 - Level 2.4 Dodging
 - Level 2.4 Stealth
 + Level 4.0 Spellcasting
 - Level 1.1 Conjurations
 * Level 5.5 Ice Magic


You had 6 spell levels left.
You knew the following spells:

 Your Spells              Type           Power        Failure   Level  Hunger
a - Freeze                Ice            ####         1%          1    None
b - Throw Frost           Conj/Ice       ###...       6%          2    #......
c - Ozocubu's Armour      Chrm/Ice       ###.......   14%         3    ###....


Dungeon Overview and Level Annotations

Branches:
Dungeon (3/27)

Altars:
Sif Muna
Yredelemnul

Annotations
D:3 Kae's ghost, average DEIE


Message History

The puff of frost hits you!
One of your 2 potions of might freezes and shatters!
* * * LOW HITPOINT WARNING * * *
Unknown command.
Unknown command.
Drink which item? (? for menu, Esc to quit)
You feel better.
Drink which item? (? for menu, Esc to quit)
You feel better. Kae's ghost hits you.
Kae's ghost points at you and mumbles some strange words.
The puff of frost hits you!
Kae's ghost keens inconsolably.
You hear the slow rusting of a drain, a long way away.
Kae's ghost casts a spell at you. The puff of frost hits you!
* * * LOW HITPOINT WARNING * * *
Kae's ghost shouts, "You must not fail where I succeeded!"
Kae's ghost gestures at you while chanting.
The puff of frost hits you!
You die...

#.............######
#...p.....##.^......
#.##########........
#.# #........ #p#
#........
#.##########........
#...................
#....#######........
#..@.# #........
#....# #........
#.#.########.######.
#..%..........).....
##.........########.
#.......... ...
#.........### ##..
##.######... ...
#.##......# ##..


You could see Kae's ghost.

Vanquished Creatures
  A hound skeleton (D:3)
  Jessica (D:2)
  Terence (D:2)
  4 adders (D:2)
  A worm (D:3)
  2 giant geckos (D:2)
  An ooze (D:3)
  An orc (D:3)
  2 ball pythons
  3 giant cockroaches
  4 goblins
  2 hobgoblins
  6 kobolds
  8 bats
  4 giant newts
  4 jackals (D:1)
  5 rats
50 creatures vanquished.

Vanquished Creatures (others)
  A goblin (D:2)
1 creature vanquished.

Grand Total: 51 creatures vanquished

Notes
Turn   | Place    | Note
--------------------------------------------------------------
     0 | D:1      | Kae, the Deep Elf Ice Elementalist, began the quest for the Orb.
     0 | D:1      | Reached XP level 1. HP: 10/10 MP: 4/4
     3 | D:1      | Turgon: That was too late
    17 | D:1      | Turgon: (when I came)
    20 | D:1      | Kae: yea ^^
   431 | D:1      | Reached XP level 2. HP: 10/15 MP: 5/7
   750 | D:1      | Reached skill level 4 in Ice Magic
  1226 | D:2      | Noticed Jessica
  1425 | D:2      | Reached XP level 3. HP: 19/19 MP: 10/10
  1789 | D:2      | Reached XP level 4. HP: 24/24 MP: 9/13
  1848 | D:2      | Noticed Terence
  1861 | D:1      | Learned a level 2 spell: Throw Frost
  1865 | D:1      | Learned a level 3 spell: Ozocubu's Armour
  1874 | D:2      | Reached XP level 3. HP: 13/19 MP: 6/10
  1876 | D:2      | Killed Terence
  1876 | D:2      | Reached XP level 4. HP: 13/24 MP: 7/13
  1974 | D:2      | Found a deep blue altar of Sif Muna.
  2009 | D:2      | Became a worshipper of Sif Muna the Loreminder
  2102 | D:2      | Killed Jessica
  2102 | D:2      | Reached skill level 5 in Ice Magic
  2372 | D:3      | Reached XP level 5. HP: 3/28 MP: 2/17
  2438 | D:3      | Noticed Kae's ghost (average DEIE)
  2448 | D:3      | Found a basalt altar of Yredelemnul.
  2477 | D:3      | HP: 1/28 [Kae's ghost/puff of frost (13)]
  2485 | D:3      | Killed from afar by Kae's ghost

Action                   |  1- 3 |  4- 6 || total
-------------------------+-------+-------++-------
Melee: Unarmed           |    19 |    19 ||    38
 Cast: Freeze            |    45 |    28 ||    73
       Throw Frost       |       |     5 ||     5
       Ozocubu's Armour  |       |     1 ||     1
  Use: Potion            |       |     4 ||     4
